Map: Lost and Found LE

Players

Avoš

  • Race: Protoss Protoss
  • Spawn Location: 7:00

Tasoulis - Winner!

  • Race: Protoss Protoss
  • Spawn Location: 1:00

VOD

Have the link to the VOD?

Description

Time

  • Played on: July 30, 2018, 5:57 p.m.
  • Length: 10:49
Show
View Real Time Build Order
Export as new Build Order

Avoš Protoss 

Build Orders:  

Get SALT Encoding   

  12  0:01  Probe  
  13  0:14  Probe  
  14  0:23  Pylon  
  14  0:26  Probe  
  15  0:41  Probe  
  16  0:44  Gateway  
  16  0:49  Assimilator  
  16  0:53  Probe  
  16  0:55  Assimilator  
  17  1:05  Probe  
  17  1:10  Gateway  
  18  1:17  Probe  
  19  1:29  Probe  
  20  1:32  Cybernetics Core  
  20  1:41  Probe  
  20  1:45  Pylon  
  21  1:53  Probe  
  22  1:59  Warp Gate  
  22  2:05  Probe  
  23  2:11  Sentry, Stalker  
  27  2:25  Pylon  
  27  2:46  Probe  
  27  2:50  Stalker x2  
  32  3:32  Twilight Council  
  32  3:34  Forge  
  32  3:43  Nexus  
  32  3:47  Assimilator  
  32  3:49  Assimilator  
  32  3:51  Pylon  
  32  3:55  Pylon  
  32  4:14  Blink  
  33  4:17  Probe  
  33  4:26  Protoss Ground Weapons Level 1  
  33  4:29  Probe  
  34  4:36  Pylon  
  34  4:43  Stalker x2  
  18  5:21  Probe x2  
  19  5:33  Probe x2  
  21  5:45  Probe  
  22  6:03  Probe x2  
  24  6:14  Pylon  
  24  6:15  Probe x2  
  24  6:17  Shield Battery  
  26  6:27  Probe x2  
  26  6:30  Pylon  
  28  6:50  Photon Cannon  
  28  6:57  Photon Cannon  
  28  6:59  Probe  
  30  7:01  Probe  
  30  7:10  Shield Battery  
  30  7:19  Probe x2  
  32  7:35  Photon Cannon  
  32  7:39  Photon Cannon  
  32  7:40  Probe  
  33  7:53  Stalker x2  
  33  7:56  Protoss Ground Armor Level 1  
  37  8:04  Probe, Charge  
  37  8:05  Probe  
  39  8:17  Probe x2  
  41  8:34  Stalker x2  
  45  8:46  Probe  
  45  8:47  Probe  
  45  8:48  Shield Battery  
  47  8:59  Probe x2  
  49  9:15  Photon Cannon  
  49  9:16  Photon Cannon  
  49  9:18  Probe x2  
  51  9:30  Probe  
  52  9:42  Probe x2  
  54  9:53  Photon Cannon  
  54  9:55  Photon Cannon  
  54  9:58  Probe x2  
  54  10:06  Probe  
  54  10:07  Probe  
  58  10:27  Stalker  
Show
View Real Time Build Order
Export as new Build Order

Tasoulis Protoss - Winner!

Build Orders: Oracle Opening 

Get SALT Encoding   

  12  0:01  Probe  
  13  0:13  Probe  
  14  0:17  Pylon  
  14  0:25  Probe  
  15  0:29  Assimilator  
  15  0:39  Probe  
  15  0:40  Gateway  
  16  0:47  Probe  
  16  0:57  Probe  
  17  1:03  Pylon  
  18  1:09  Probe  
  19  1:17  Probe  
  19  1:19  Assimilator  
  19  1:25  Probe  
  20  1:29  Cybernetics Core  
  21  1:35  Probe  
  22  1:47  Probe  
  23  1:59  Probe  
  24  2:07  Pylon  
  24  2:08  Stalker  
  24  2:11  Probe  
  27  2:22  Probe  
  27  2:26  Stargate  
  28  2:30  Probe  
  28  2:35  Forge  
  29  2:38  Probe  
  30  2:56  Nexus  
  30  3:00  Oracle  
  30  3:02  Probe  
  34  3:23  Warp Gate  
  34  3:24  Stalker  
  34  3:25  Probe  
  36  3:35  Pylon  
  36  3:39  Assimilator  
  36  3:42  Assimilator  
  36  3:44  Oracle  
  39  3:53  Probe  
  40  3:59  Photon Cannon  
  40  4:09  Probe x2  
  42  4:19  Pylon  
  42  4:21  Probe  
  43  4:25  Photon Cannon  
  43  4:27  Pylon  
  43  4:35  Stalker  
  43  4:36  Shield Battery  
  45  5:00  Stalker  
  47  5:15  Probe  
  48  5:24  Probe, Pylon, Gateway  
  48  5:26  Gateway  
  48  5:27  Probe  
  48  5:28  Gateway  
  50  5:32  Probe  
  50  5:39  Probe  
  50  5:40  Photon Cannon  
  52  5:46  Twilight Council  
  49  5:52  Probe  
  50  5:57  Protoss Ground Weapons Level 1  
  50  6:01  Pylon  
  50  6:04  Probe  
  51  6:05  Probe  
  51  6:08  Pylon  
  52  6:16  Probe  
  53  6:32  Gateway x2  
  53  6:35  Gateway  
  53  6:36  Forge  
  53  6:39  Charge  
  53  6:40  Probe  
  53  6:44  Zealot  
  56  6:53  Templar Archives  
  56  7:01  Probe  
  57  7:02  Probe  
  57  7:08  Zealot x2  
  62  7:17  Pylon  
  62  7:20  Protoss Shields Level 1  
  62  7:28  Robotics Facility  
  62  7:29  Probe  
  63  7:38  Pylon  
  63  7:39  Probe  
  63  7:42  Probe  
  63  7:43  Protoss Ground Weapons Level 2, High Templar  
  63  7:44  High Templar x3  
  73  8:00  Pylon  
  73  8:01  High Templar x3  
  73  8:04  Archon x2  
  79  8:16  Pylon  
  79  8:18  High Templar x2  
  79  8:19  High Templar  
  85  8:21  Zealot  
  87  8:28  Archon  
  87  8:29  Archon  
  87  8:34  Archon  
  87  8:36  Observer, High Templar  
  87  8:38  Zealot x2  
  94  8:53  Pylon, Warp Prism  
  94  8:57  High Templar  
  98  9:05  Pylon  
  98  9:06  Archon  
  98  9:08  Zealot x3  
  98  9:09  Zealot x3  
  110  9:31  High Templar x3  
  112  9:32  Zealot  
  112  9:33  Zealot x3  
  124  9:46  Archon  
  124  10:03  Pylon  
  124  10:06  High Templar x2  
  128  10:07  Zealot x3  
  128  10:08  Zealot x2  
  138  10:21  Archon  
  137  10:32  Zealot x4  
  137  10:33  Zealot  
  137  10:42  Zealot x2  
  131  10:49  Pylon  
Tags
 
Add a new tag
Caveats
  • Supply blocks, unpowered buildings, or Contaminate may cause inaccurate times.
  • Supply counts are checked every 10 seconds.